 Dungeon Crawl Stone Soup version 0.31-a0-977-gc230f8ef24 (webtiles) character file.

Game seed: 12026826009190492696

1552176 Forgeling the Impregnable (level 27, 224/224 HPs)
             Began as a Barachi Reaver on Oct 27, 2023.
             Was a High Priest of Cheibriados.
             Escaped with the Orb
             ... and 3 runes on Oct 30, 2023!
             The game lasted 04:22:29 (92708 turns).

Forgeling the Impregnable (Barachi Reaver)         Turns: 92708, Time: 04:22:30

Health: 224/224    AC: 38    Str: 26    XL:     27
Magic:  51/51      EV: 24    Int: 54    God:    Cheibriados [*****.]
Gold:   7172       SH: 12    Dex: 38    Spells: 19/75 levels left

rFire   + + .        a - +3 Elemental Staff {ele, rElec rF+ rC+ AC+3}
rCold   + + .        k - +1 buckler {reflect}
rNeg    + + .        b - +8 chain mail {ponderous}
rPois   +            p - +2 helmet
rElec   +            x - scarf {rC+ rF+}
rCorr   .            H - +0 pair of fencer's gloves {Riposte Dex+3}
SInv    .            w - +1 pair of boots of the Enchanted Forest {Int+6 Stlth-}
Will    ++++.        j - amulet of Luzach {rPois Regen+ Dex+5}
Stlth   +            o - ring "Joce Boa" {rN+ Will++ Dex+2 Slay+3}
HPRegen 1.37/turn    W - ring "Hopub" {rN+ Int+7}
MPRegen 0.32/turn

%: reflection
@: studying Axes, very slow
A: amphibious, slowness 1, strong legs 2, +LOS, claws 1, agile 1, clever 1
0: Orb of Zot
}: 3/15 runes: decaying, silver, gossamer
a: Hop, Renounce Religion, Bend Time, Temporal Distortion, Slouch, Step From
Time


You escaped.
You worshipped Cheibriados.
Cheibriados was extremely pleased with you.
You visited 12 branches of the dungeon, and saw 52 of its levels.
You visited the Abyss 1 time.
You also visited: Ice Cave and Desolation.

You collected 9494 gold pieces.
You spent 2322 gold pieces at shops.

Inventory:

Hand Weapons
 a - the +3 Elemental Staff (weapon) {ele, rElec rF+ rC+ AC+3}
   (You took it off an occultist on level 2 of the Depths)

   AC+3:      It affects your AC (+3).
   rF+:       It protects you from fire.
   rC+:       It protects you from cold.
   rElec:     It insulates you from electricity.
Missiles
 u - 3 throwing nets
Armour
 b - a +8 chain mail of ponderousness (worn)
 k - a +1 buckler of reflection (worn)
 p - a +2 helmet (worn)
 w - the +1 pair of boots of the Enchanted Forest (worn) {Int+6 Stlth-}
   (You found it in the Desolation of Salt)

   Int+6:     It affects your intelligence (+6).
   Stlth-:    It makes you less stealthy.
 x - a scarf of resistance (worn)
 H - the +0 pair of fencer's gloves (worn) {Riposte Dex+3}
   (You bought it in a shop on level 2 of the Orcish Mines)

   Riposte:   It allows the wearer to riposte with melee weapons, swiftly
   retaliating against missed or blocked melee attacks.
   Dex+3:     It affects your dexterity (+3).
 L - +0 gold dragon scales
Jewellery
 g - the ring "Naskietu" {rElec rPois rF+ rC+ Slay+2}
   (You found it on level 7 of the Dungeon)

   [ring of protection from fire]

   Slay+2:    It affects your accuracy & damage with ranged weapons and melee
   (+2).
   rF+:       It protects you from fire.
   rC+:       It protects you from cold.
   rElec:     It insulates you from electricity.
   rPois:     It protects you from poison
 j - the amulet of Luzach (around neck) {rPois Regen+ Dex+5}
   (You found it on level 3 of the Crypt)

   [amulet of regeneration]

   Dex+5:     It affects your dexterity (+5).
   rPois:     It protects you from poison Regen+: It increases your rate of
   health regeneration.
 l - a ring of resist corrosion
 n - a ring of see invisible
 o - the ring "Joce Boa" (left hand) {rN+ Will++ Dex+2 Slay+3}
   (You found it on level 3 of the Crypt)

   [ring of positive energy]

   Dex+2:     It affects your dexterity (+2).
   Slay+3:    It affects your accuracy & damage with ranged weapons and melee
   (+3).
   rN+:       It protects you from negative energy.
   Will++:    It greatly increases your willpower.
 W - the ring "Hopub" (right hand) {rN+ Int+7}
   (You found it on level 7 of the Dungeon)

   [ring of positive energy]

   Int+7:     It affects your intelligence (+7).
   rN+:       It protects you from negative energy.
 Z - a ring of wizardry
Wands
 d - a wand of digging (26)
 e - a wand of paralysis (82)
 h - a wand of quicksilver (8)
 i - a wand of iceblast (31)
Scrolls
 c - 11 scrolls of enchant weapon
 f - 12 scrolls of amnesia
 q - 11 scrolls of enchant armour
 t - a scroll of brand weapon
 D - 6 scrolls of blinking
 E - 11 scrolls of fear
 F - 10 scrolls of fog
 K - 9 scrolls of immolation
 O - 6 scrolls of silence
 P - 3 scrolls of poison
 S - 3 scrolls of summoning
 V - 5 scrolls of vulnerability
 X - 8 scrolls of revelation {@r4}
 Y - 19 scrolls of teleportation {@r3}
Potions
 z - 9 potions of enlightenment
 A - 5 potions of attraction
 B - 3 potions of brilliance
 C - 3 potions of cancellation
 G - 6 potions of ambrosia
 I - 6 potions of invisibility
 J - 26 potions of curing {@q1}
 M - 5 potions of might
 N - 8 potions of heal wounds {@q2}
 Q - 7 potions of magic
 R - 5 potions of resistance
 T - a potion of berserk rage
 U - 3 potions of mutation
Miscellaneous
 m - a phantom mirror
 r - a phial of floods
 s - a tin of tremorstones (2/2)
 v - a lightning rod (4/4)
 y - a sack of spiders


   Skills:
 - Level 20.0 Fighting
 - Level 3.6 Long Blades
 - Level 12.0 Staves
 + Level 26.9 Armour
 - Level 12.0 Dodging
 - Level 6.0 Stealth
 - Level 15.0 Shields
 + Level 24.7 Spellcasting
 - Level 16.0 Conjurations
 - Level 9.0 Necromancy
 - Level 24.0 Earth Magic
 - Level 13.0 Invocations
 - Level 8.0 Evocations


You had 19 spell levels left.
You knew the following spells:

 Your Spells              Type           Power      Damage    Failure   Level
a - Lehudib's Crystal Sp  Conj/Erth      81%        10d18     1%          8
b - Bombard               Conj/Erth      81%        9d13      0%          6
c - Borgnjor's Vile Clut  Necr/Erth      76%        N/A       0%          5
d - Leda's Liquefaction   Hex/Erth       69%        N/A       1%          4
g - Petrify               Tmut/Erth      100%       N/A       1%          4
l - Sublimation of Blood  Necr           100%       N/A       0%          2
m - Animate Armour        Summ/Erth      100%       N/A       1%          4
p - Kiss of Death         Conj/Necr      100%       2d13      0%          1
t - Shatter               Erth           85%        3d62*     1%          9
v - Lee's Rapid Deconstr  Erth           85%        3d38*     0%          5
x - Stone Arrow           Conj/Erth      100%       3d13      0%          3
y - Irradiate             Conj/Tmut      50%        3d28      1%          5

Your spell library contained the following spells:

 Spells                   Type           Power      Damage    Failure   Level
 Magic Dart               Conj           100%       1d8       0%          1
 Necrotise                Necr           100%       1d9       0%          1
 Sandblast                Erth           100%       2d20      0%          1
 Shock                    Conj/Air       100%       1d9       0%          1
 Passwall                 Tmut/Erth      100%       N/A       0%          2
 Searing Ray              Conj           100%       2d8       0%          2
 Brom's Barrelling Bould  Conj/Erth      100%       2d11      0%          4
 Iskenderun's Battlesphe  Conj           100%       2d15      0%          5
 Apportation              Tloc           100%       N/A       1%          1
 Slow                     Hex            100%       N/A       1%          1
 Summon Small Mammal      Summ           100%       N/A       1%          1
 Call Imp                 Summ           100%       N/A       1%          2
 Cigotuvi's Dreadful Rot  Necr/Pois/Air  100%       N/A       1%          2
 Ensorcelled Hibernation  Hex/Ice        100%       N/A       1%          2
 Jinxbite                 Hex            100%       N/A       1%          2
 Momentum Strike          Conj/Tloc      100%       3d10      1%          2
 Poisonous Vapours        Pois/Air       100%       N/A       1%          2
 Wereblood                Tmut           61%        N/A       1%          2
 Confusing Touch          Hex            61%        N/A       1%          3
 Dazzling Flash           Conj/Hex       100%       N/A       1%          3
 Frozen Ramparts          Ice            100%       1d16      1%          3
 Hailstorm                Conj/Ice       100%       3d20      1%          3
 Mephitic Cloud           Conj/Pois/Air  100%       N/A       1%          3
 Ozocubu's Armour         Ice            79%        N/A       1%          3
 Sigil of Binding         Hex            61%        N/A       1%          3
 Summon Guardian Golem    Hex/Summ       61%        N/A       1%          3
 Swiftness                Air            79%        N/A       1%          3
 Vampiric Draining        Necr           100%       2d13      1%          3
 Volatile Blastmotes      Fire/Tloc      100%       2d18      1%          3
 Anguish                  Hex/Necr       43%        N/A       1%          4
 Animate Dead             Necr           100%       N/A       1%          4
 Dispel Undead            Necr           100%       3d31      1%          4
 Fulminant Prism          Conj/Hex       50%        3d23      1%          4
 Iskenderun's Mystic Bla  Conj/Tloc      100%       2d19      1%          4
 Sticky Flame             Conj/Fire      100%       2d11      1%          4
 Agony                    Necr           100%       N/A       1%          5
 Arcjolt                  Conj/Air       62%        1d72      1%          5
 Fireball                 Conj/Fire      62%        3d24      1%          5
 Freezing Cloud           Conj/Ice/Air   68%        6-21      1%          5
 Conjure Ball Lightning   Conj/Air       62%        3x3d22    1%          6
 Death Channel            Necr           52%        N/A       1%          6
 Orb of Destruction       Conj           63%        9d15      1%          7
 Airstrike                Air            39%        2d(6-22)  3%          4
 Cause Fear               Hex            30%        N/A       3%          4
 Passage of Golubria      Tloc           61%        N/A       3%          4
 Summon Ice Beast         Ice/Summ       79%        N/A       3%          4
 Vhi's Electric Charge    Tloc/Air       100%       N/A       3%          4
 Simulacrum               Ice/Necr       53%        N/A       8%          6
 Alistair's Intoxication  Tmut/Pois      40%        N/A       9%          5
 Metabolic Englaciation   Hex/Ice        39%        N/A       9%          5
 Silence                  Hex/Air        39%        N/A       9%          5
 Summon Forest            Summ/Tloc      30%        N/A       9%          5
 Summon Mana Viper        Hex/Summ       61%        N/A       9%          5
 Spellforged Servitor     Conj/Summ      50%        N/A       11%         7
 Haunt                    Necr/Summ      43%        N/A       41%         7
 Dispersal                Tloc           30%        N/A       45%         6
 Eringya's Noxious Bog    Tmut/Pois      30%        4d6       45%         6
 Malign Gateway           Summ/Tloc      30%        N/A       95%         7
 Monstrous Menagerie      Summ           30%        N/A       95%         7
 Ozocubu's Refrigeration  Ice            39%        4d16      95%         7
 Summon Hydra             Summ           30%        N/A       95%         7
 Disjunction              Tloc           30%        N/A       100%        8
 Maxwell's Capacitive Co  Air            39%        ∞         100%        8
 Chain Lightning          Conj/Air       62%        3d82      100%        9
 Death's Door             Necr           52%        N/A       100%        9
 Dragon's Call            Summ           30%        N/A       100%        9
 Fire Storm               Conj/Fire      62%        8d16      100%        9


Dungeon Overview and Level Annotations

Branches:
Dungeon (15/15)            Temple (1/1) D:6            Lair (5/5) D:10
  Swamp (4/4) Lair:3       Spider (4/4) Lair:2        Slime (0/5) Lair:4
    Orc (2/2) D:12            Elf (3/3) Orc:2        Vaults (5/5) D:14
  Crypt (3/3) Vaults:3       Tomb (1/3) Crypt:3      Depths (4/4) D:15
    Zot (5/5) Depths:4      IceCv (visited)         Desolation (visited)

Altars:
Ashenzari
Cheibriados
Dithmenos
Elyvilon
Fedhas
Gozag
Hepliaklqana
Kikubaaqudgha
Makhleb
Nemelex Xobeh
Okawaru
Qazlal
Ru
Sif Muna
Trog
Uskayaw
Vehumet
Wu Jian
Xom
Yredelemnul
Zin
The Shining One
Jiyva

Shops:
D:6 (   D:11 [   Orc:2 [((*:   Elf:1 *   Elf:3 :   Vaults:1 (   Vaults:2 *
Depths:1 :=:

Portals:
Hell: Depths:1 Depths:2 Depths:3 Depths:4
Abyss: Depths:2 Depths:3
Pandemonium: Depths:1 Depths:2
Ziggurat: Depths:3
Trove: D:14 (give +3 shadow dragon scales)


Innate Abilities, Weirdness & Mutations

You are amphibious.
You cover ground slowly.
You can hop long distances.
You have an extended range of vision and can be seen from far away.
You have sharp fingernails.
You are agile. (Dex +4, Str/Int -1)
Your mind is acute. (Int +4, Str/Dex -1)


Message History

The sun demon attacks as it pursues you!
You riposte.
You hit the sun demon but do no damage.
You electrocute the sun demon.
The sun demon is lightly wounded.
A rust devil comes into view.
There is a stone staircase leading up here.
Casting: Lehudib's Crystal Spear (mildly dangerous; 1% risk of failure)
Confirm with . or Enter, or press ? or * to list all spells.
Aiming: Lehudib's Crystal Spear (mildly dangerous; 1% risk of failure)
Press: ? - help, Shift-Dir - straight line, f - sun demon
Aim: a sun demon (lightly wounded, 82% to hit)
You feel a surge of power!
The crystal spear hits the sun demon!!!
You kill the sun demon!
Cheibriados appreciates the change of pace.
You climb upwards.
There is a stone staircase leading down here.
What level of the Dungeon? (default 1, ? - help)
There is a stone staircase leading up here.
You climb upwards.
There is a stone staircase leading down here.
A large abomination comes into view.
The large abomination moves out of view.
There is a stone staircase leading up here.
Casting: Lehudib's Crystal Spear (mildly dangerous; 1% risk of failure)
Confirm with . or Enter, or press ? or * to list all spells.
Aiming: Lehudib's Crystal Spear (mildly dangerous; 1% risk of failure)
Press: ? - help, Shift-Dir - straight line, f - large abomination
Aim: a large abomination (95% to hit)
You feel a surge of power!
The crystal spear hits the large abomination!!!!
You destroy the large abomination!
What level of the Dungeon? (default 1, ? - help)
You climb upwards.
There is a stone staircase leading down here.
There is a stone staircase leading down here.
You can't go up here!
Unknown command.
Unknown command.
There is a staircase leading out of the dungeon here.
You have escaped!

###########
#.........#
#####...###...#
#...'...#.#.@.#
#.###...###...#
#.# #.........#
#.# ###########
#.# #.# #.# #.#
#.#


There were no monsters in sight!

Vanquished Creatures
  6 dread liches
  5 orbs of fire
  5 ancient liches
  A juggernaut (Depths:4)
  23 royal mummies (Tomb:1)
  A shard shrike (Depths:2)
  Bai Suzhen (Spider:4)
  2 Killer Klowns (Zot:5)
  Saint Roka (Vaults:5)
  2 caustic shrikes
  2 curse toes
  Nikola (Spider:1)
  Norris (Vaults:1)
  12 golden dragons
  2 Brimstone Fiends
  2 bone dragons
  3 hellephants (Depths:2)
  3 electric golems
  12 tentacled monstrosities
  5 liches
  25 Orb Guardians (Zot:5)
  3 titans
  3 deep elf blademasters (Elf:3)
  5 deep elf master archers (Elf:3)
  Asterion (Elf:3)
  5 quicksilver dragons
  18 sphinxes
  2 tentacled starspawn (Abyss:3)
  11 death cobs
  2 ancient champions
  Kirke (D:14)
  Frances (D:12)
  Gastronok (D:12)
  8 shadow dragons
  Aizul (Vaults:1)
  6 tengu reavers
  10 draconian monks
  20 storm dragons
  A thorn hunter (Swamp:2)
  Agnes (D:15)
  2 revenants
  A demonspawn warmonger (D:15)
  4 fenstrider witches (Swamp:4)
  13 fire giants
  6 frost giants
  3 draconian knights
  7 deep elf sorcerers (Elf:3)
  13 vault wardens
  A daeva (D:14)
  2 emperor scorpions
  4 deep elf elementalists
  2 spectral caustic shrikes (Depths:1)
  4 draconian scorchers
  12 ghost moths
  2 draconian shifters
  A balrug (Depths:4)
  2 imperial myrmidons (Desolation)
  2 curse skulls (Crypt:2)
  4 ghouls
  6 draconian stormcallers
  2 angels (Vaults:4)
  3 spriggan defenders (Depths:2)
  13 very ugly things
  A reaper (D:15)
  A caustic shrike skeleton (Crypt:3)
  The ghost of Dordric the Brawler, a journeyman TrSh of Trog (Lair:5)
  21 ironbound preservers
  2 orc warlords
  10 draconian annihilators
  A juggernaut skeleton (Crypt:2)
  17 stone giants
  6 war gargoyles
  4 ironbound thunderhulks
  2 formless jellyfish
  10 vampire knights
  11 green draconians
  6 deep elf demonologists
  6 eleionomae
  5 dire elephants
  Azrael (D:15)
  A lorocyproca (Depths:1)
  A halazid warlock (Desolation)
  6 black draconians
  10 purple draconians
  8 yellow draconians
  A bunyip (shapeshifter) (Vaults:5)
  7 red draconians
  11 white draconians
  13 spark wasps
  7 bunyips
  6 deep elf annihilators
  A merfolk impaler (Depths:3)
  5 crystal guardians
  4 blizzard demons
  2 green deaths
  10 ettins
  8 eidola
  13 mummy priests (Tomb:1)
  A quicksilver dragon zombie (Crypt:2)
  7 great orbs of eyes
  4 jiangshi
  8 deep elf death magi
  7 entropy weavers
  6 shambling mangroves
  The ghost of Strat the Carver, a journeyman DrRe of Gozag (Lair:1)
  2 spriggan zombies
  10 fire dragons
  9 ragged hierophants (Desolation)
  4 deep elf high priests
  12 yaktaur captains
  4 rakshasas
  6 servants of whispers (Desolation)
  7 hydras
  6 peacekeepers
  5 ogre magi
  10 ice dragons
  A salamander tyrant (Depths:4)
  3 spriggan air magi
  39 vault guards
  2 ghost crabs
  7 two-headed ogres
  8 alligators
  10 ironbound frosthearts
  5 radroaches
  17 centaur warriors
  5 deep troll shamans
  An anaconda (Lair:5)
  Erica (D:8)
  A caustic shrike simulacrum (IceCv)
  4 death knights
  27 dancing weapons
  12 vampire magi
  4 hell hogs
  6 death yaks
  A titan zombie (Crypt:3)
  12 boulder beetles
  4 demonic crawlers (Spider:1)
  19 death scarabs (Tomb:1)
  7 deep troll earth magi
  A thrashing horror (Abyss:3)
  18 large abominations
  7 tengu warriors
  2 occultists
  7 spriggan berserkers
  10 hell knights
  18 spriggans
  6 soul eaters
  5 sun demons
  5 orc high priests (Orc:2)
  A sun moth (Spider:4)
  Sonja (Orc:1)
  2 shadow wraiths
  2 wretched stars (Abyss:3)
  2 salamander mystics (Depths:4)
  A skyshark (shapeshifter) (Vaults:5)
  A storm dragon skeleton (Crypt:2)
  4 skysharks
  24 deep elf knights
  8 iron trolls
  4 pharaoh ants
  3 sixfirhies
  A spark wasp zombie (D:15)
  3 glowing orange brains
  6 spriggan druids
  9 goliath frogs
  A sea snake (shapeshifter) (Vaults:5)
  A deep troll (shapeshifter) (Vaults:5)
  42 skeletal warriors
  56 deep trolls
  4 flayed ghosts
  4 orc knights
  5 deep elf archers
  8 spriggan simulacra
  4 swamp dragons
  7 bog bodies
  8 orb spiders
  4 arcanists
  A shadow demon (Abyss:3)
  4 steelbarb worms
  A bunyip skeleton (Crypt:3)
  2 anaconda skeletons
  28 deep elf pyromancers
  11 necromancers
  A steelbarb worm (shapeshifter) (Vaults:5)
  23 ironbound convokers
  2 obsidian statues
  15 phantasmal warriors
  6 orc sorcerers
  7 cyclopes
  5 oklob plants
  An alligator zombie (Crypt:2)
  31 deep elf zephyrmancers
  10 lindwurms
  7 harpies
  2 fire giant zombies (Vaults:3)
  A stone giant zombie (Vaults:3)
  4 will-o-the-wisps
  6 salamanders (Depths:4)
  27 wolf spiders
  23 moths of wrath
  20 ugly things
  A dire elephant zombie (Crypt:2)
  5 guardian serpents
  A human skeleton (Vaults:3)
  6 black mambas
  19 vault sentinels
  A manticore (D:14)
  A goliath frog skeleton (Crypt:1)
  7 smoke demons
  8 cane toads
  An eye of devastation (Lair:4)
  A gargoyle (D:14)
  7 elephants
  A molten gargoyle (Desolation)
  7 torpor snails
  3 orange demons
  A water nymph (shapeshifter) (Vaults:5)
  2 dire elephant skeletons
  A green draconian zombie (Crypt:1)
  A titan simulacrum (Tomb:1)
  Maggie (Lair:1)
  6 kobold demonologists
  An unseen horror (shapeshifter) (Vaults:5)
  13 komodo dragons
  2 anaconda simulacra (IceCv)
  37 yaktaurs
  4 unseen horrors
  A catoblepas skeleton (Crypt:2)
  An orb spider zombie (Crypt:1)
  An efreet (D:14)
  A komodo dragon (shapeshifter) (Vaults:5)
  6 ice devils (IceCv)
  A tormentor (Depths:1)
  A grey draconian skeleton (Crypt:2)
  7 freezing wraiths
  5 rime drakes
  A yaktaur zombie (Vaults:5)
  15 guardian mummies (Tomb:1)
  A hydra zombie (Crypt:3)
  2 harpy zombies (Crypt:3)
  A golden dragon simulacrum (IceCv)
  A meliai (Spider:4)
  A queen bee (shapeshifter) (Vaults:5)
  22 tarantellas
  A merfolk (shapeshifter) (Depths:2)
  10 tyrant leeches
  5 hellwings
  A harpy skeleton (Tomb:1)
  2 alligator simulacra (IceCv)
  30 hornets
  9 trolls
  A wind drake (shapeshifter) (D:13)
  12 polar bears
  An iron dragon simulacrum (Vaults:5)
  15 blink frogs
  A fire dragon zombie (Crypt:3)
  5 glass eyes
  45 saltlings (Desolation)
  6 dream sheep
  8 raiju
  2 ettin zombies (Crypt:3)
  A radroach zombie (Crypt:1)
  46 flying skulls
  28 jumping spiders
  50 slime creatures
  A slime creature (shapeshifter) (Vaults:5)
  16 culicivoras
  A spriggan (shapeshifter) (Depths:2)
  2 air elementals
  3 ushabtiu (Tomb:1)
  2 ynoxinuls (Abyss:3)
  A black mamba zombie (Crypt:3)
  21 water elementals
  A shadow (D:7)
  7 wyverns
  7 small abominations
  16 wraiths
  2 dire elephant simulacra (IceCv)
  2 hogs (D:14)
  2 fire bats (Depths:4)
  31 yaks
  10 starcursed masses (Abyss:3)
  A black mamba skeleton (Crypt:2)
  5 basilisks
  6 fire elementals
  Eustachio (D:4)
  63 redbacks
  Grum (Lair:1)
  3 chaos spawn
  3 steam dragons
  An elf zombie (Vaults:5)
  16 vampire mosquitoes
  A neqoxec (Abyss:3)
  10 minotaur simulacra (IceCv)
  8 swamp worms
  4 harpy simulacra (IceCv)
  8 wargs
  An acid dragon (D:7)
  A naga (shapeshifter) (D:13)
  21 hell hounds
  13 water moccasins
  21 orc warriors
  An ettin simulacrum (IceCv)
  2 sky beasts (D:7)
  4 swamp drakes
  12 black bears
  4 ice beasts
  A blink frog zombie (Crypt:1)
  40 wolves
  7 centaurs
  9 ogres
  8 boggarts
  A fire crab zombie (Crypt:1)
  A phantom (D:4)
  19 bullfrogs
  A bullfrog (shapeshifter) (Vaults:5)
  A rime drake skeleton (Crypt:2)
  5 kobold brigands
  2 necrophages (Crypt:3)
  A gnoll sergeant (D:7)
  5 scorpions
  5 deep troll simulacra (IceCv)
  A cyclops zombie (Crypt:1)
  21 wights
  An earth elemental (Elf:3)
  A hornet simulacrum (D:15)
  2 troll skeletons
  3 killer bees (D:8)
  2 lindwurm simulacra (IceCv)
  3 electric eels
  7 spriggan skeletons
  6 howler monkeys
  2 hounds
  11 jellies
  2 gnoll boudas
  6 orc priests
  4 sleepcaps
  9 iguanas
  18 orc wizards
  27 mummies (Tomb:1)
  7 gnolls
  14 adders
  A shadow imp (D:5)
  3 white imps
  4 ufetubi
  3 dart slugs
  42 orcs
  2 ball pythons
  5 bats
  A bat zombie (D:3)
  20 endoplasms
  3 giant cockroaches
  14 goblins
  6 hobgoblins
  4 jackals (D:2)
  6 quokkas
  A dart slug zombie (Crypt:2)
  A frilled lizard (shapeshifter) (Depths:2)
  2 frilled lizards
  3 goblin skeletons (D:3)
  A goblin zombie (D:3)
  A hobgoblin skeleton (Crypt:2)
  2 hobgoblin zombies (D:3)
  A jackal skeleton (Crypt:1)
  15 kobolds
  A kobold skeleton (D:3)
  A kobold zombie (D:3)
  2 orc skeletons (D:3)
  An orc zombie (D:3)
  5 rats
  A spectral orc (D:9)
  2 starspawn tentacles (Abyss:3)
2609 creatures vanquished.

Vanquished Creatures (collateral kills)
  A golden dragon (Vaults:4)
  A tentacled monstrosity (Zot:4)
  A vault warden (Vaults:2)
  2 emperor scorpions (Spider:3)
  An ironbound preserver (Vaults:1)
  A broodmother (Spider:3)
  The ghost of justen the Mimic, a journeyman DrSh of Cheibriados (Orc:2)
  Snorg (Lair:5)
  3 hydras
  An alligator (Swamp:2)
  A ghost crab (Swamp:4)
  2 boulder beetles (Spider:2)
  2 death yaks
  Amaemon (Lair:2)
  2 skeletal warriors
  A goliath frog (Swamp:1)
  3 orb spiders
  5 wolf spiders
  2 ugly things
  A will-o-the-wisp (Swamp:4)
  2 black mambas
  3 elephants
  2 cane toads
  2 komodo dragons
  2 yaktaurs (Vaults:1)
  A tengu conjurer (D:15)
  A hornet (Swamp:4)
  4 tarantellas
  A blink frog (Lair:3)
  A dream sheep (Lair:4)
  A tyrant leech (Spider:2)
  A slime creature (D:12)
  4 culicivoras
  A spriggan (Swamp:4)
  7 jumping spiders
  3 yaks
  2 basilisks
  10 redbacks
  2 swamp worms
  An acid dragon (D:8)
  A warg (Orc:1)
  A water moccasin (Lair:5)
  A hell hound (Lair:5)
  A swamp drake (Lair:5)
  3 wolves (Lair:5)
  An ogre (Orc:1)
  A killer bee (D:8)
  An orc priest (Orc:1)
  2 iguanas (Lair:5)
  2 gnolls (Orc:1)
  2 orcs (Orc:1)
100 creatures vanquished.

Vanquished Creatures (others)
  A tentacled monstrosity (Swamp:3)
  A red draconian (Zot:3)
  A quicksilver dragon zombie (D:15)
  A deep elf knight (Elf:3)
  3 deep elf pyromancers
  2 deep elf zephyrmancers
  2 bloated husks (Swamp:2)
  2 humans (D:14)
  A swamp worm (Swamp:2)
  A boggart (Vaults:4)
  A howler monkey (D:14)
  An orc wizard (D:11)
  16 foxfires
  A lurking horror (Abyss:3)
  10 starspawn tentacles (Abyss:3)
44 creatures vanquished.

Grand Total: 2753 creatures vanquished

Notes
Turn   | Place    | Note
-------+----------+-------------------------------------------
     0 | D:1      | Forgeling the Barachi Reaver began the quest for the Orb.
     0 | D:1      | Reached XP level 1. HP: 17/17 MP: 3/3
   149 | D:1      | Reached XP level 2. HP: 23/23 MP: 5/5
   197 | D:1      | Learned a level 2 spell: Momentum Strike
   389 | D:1      | Reached XP level 3. HP: 27/28 MP: 6/6
  1026 | D:2      | Reached skill level 5 in Conjurations
  1030 | D:2      | Learned a level 3 spell: Hailstorm
  1209 | D:2      | Reached XP level 4. HP: 20/33 MP: 7/7
  2319 | D:3      | Found a glowing golden altar of the Shining One.
  2521 | D:3      | Reached XP level 5. HP: 28/34 MP: 9/9
  2658 | D:3      | Found an ancient bone altar of Kikubaaqudgha.
  3004 | D:4      | Reached XP level 6. HP: 27/46 MP: 2/10
  3146 | D:4      | Noticed Eustachio
  3155 | D:4      | Killed Eustachio
  3569 | D:4      | Reached XP level 7. HP: 30/49 MP: 6/12
  3802 | D:5      | Entered Level 5 of the Dungeon
  4073 | D:5      | Learned a level 3 spell: Stone Arrow
  4330 | D:5      | Reached XP level 8. HP: 49/57 MP: 8/15
  4397 | D:5      | Reached skill level 5 in Spellcasting
  4636 | D:5      | Noticed a komodo dragon
  4652 | D:5      | Killed a komodo dragon
  4653 | D:5      | Reached skill level 10 in Conjurations
  4698 | D:5      | Reached skill level 5 in Fighting
  5126 | D:6      | Reached skill level 1 in Shields
  5235 | D:6      | Reached XP level 9. HP: 68/68 MP: 13/18
  5303 | D:6      | Noticed an oklob plant
  5639 | D:6      | Reached skill level 5 in Shields
  5692 | D:6      | Found a staircase to the Ecumenical Temple.
  5711 | D:6      | Found Ecaocvue's Antique Weapon Shoppe.
  5717 | Temple   | Entered the Ecumenical Temple
  5723 | Temple   | Became a worshipper of Cheibriados the Contemplative
  6510 | D:7      | Reached skill level 1 in Earth Magic
  6682 | D:7      | Noticed a kobold demonologist
  6710 | D:7      | Killed a kobold demonologist
  6713 | D:7      | Noticed a kobold demonologist
  6720 | D:7      | Noticed a red devil
  6842 | D:7      | Reached * piety under Cheibriados
  6843 | D:7      | Killed a kobold demonologist
  6844 | D:7      | Reached skill level 5 in Earth Magic
  6892 | D:7      | Noticed a kobold demonologist
  6898 | D:7      | Killed a kobold demonologist
  6985 | D:7      | Reached XP level 10. HP: 74/74 MP: 13/20
  7010 | D:7      | Learned a level 5 spell: Lee's Rapid Deconstruction
  7026 | D:7      | Noticed a kobold demonologist
  7043 | D:7      | Killed a kobold demonologist
  8169 | D:7      | Identified the ring "Biumuuc" {Ice *Corrode rN+ Int+7
                  | Stlth+}
  8169 | D:7      | Noticed a two-headed ogre
  8172 | D:7      | Killed a two-headed ogre
  8179 | D:7      | Reached ** piety under Cheibriados
  8288 | D:7      | Noticed a cyclops
  8291 | D:7      | Killed a cyclops
  8292 | D:7      | Reached XP level 11. HP: 79/79 MP: 11/21
  8362 | D:7      | Identified the ring "Naskietu" {rElec rPois rF+ rC+ Slay+2}
  8365 | D:7      | Identified the ring "Hopub" {rN+ Int+7}
  8372 | D:7      | Identified the ring "Wuffiq" {rF+ Int+2 Dex+3}
  8538 | D:6      | Killed an oklob plant
  9090 | D:8      | Noticed a brown ugly thing
  9263 | D:8      | Noticed a centaur warrior
  9267 | D:8      | Killed a centaur warrior
  9823 | D:8      | Noticed a cyclops
  9830 | D:8      | Killed a cyclops
  9955 | D:8      | Noticed Erica
 10191 | D:8      | Reached *** piety under Cheibriados
 10487 | D:8      | Reached skill level 5 in Stealth
 10523 | D:8      | Noticed a two-headed ogre
 10527 | D:8      | Killed a two-headed ogre
 10533 | D:8      | Learned a level 4 spell: Animate Armour
 10817 | D:8      | Killed a brown ugly thing
 11139 | D:9      | Learned a level 4 spell: Leda's Liquefaction
 11435 | D:9      | Found a basalt altar of Yredelemnul.
 11849 | D:9      | Reached skill level 10 in Spellcasting
 12034 | D:10     | Entered Level 10 of the Dungeon
 12271 | D:10     | Reached **** piety under Cheibriados
 12304 | D:10     | Reached skill level 10 in Shields
 12304 | D:10     | Reached XP level 12. HP: 86/86 MP: 16/26
 12701 | D:10     | Found an iron altar of Okawaru.
 12702 | D:10     | Found a bloodstained altar of Trog.
 12826 | D:10     | Found a staircase to the Lair.
 13018 | D:10     | Identified the +2 leather armour "Lucvag" {rF+}
 13871 | D:11     | Identified the +1 scale mail "Cubrih" {rElec rF+ Str+5
                  | Dex-4}
 14006 | D:11     | Found Lusiyng's Armour Shop.
 14006 | D:11     | Identified the +1 flail of Tuzoyrit {elec, *Slow Dex+5}
 14597 | Lair:1   | Entered Level 1 of the Lair of Beasts
 14681 | Lair:1   | Noticed Maggie
 14684 | Lair:1   | Killed Maggie
 14685 | Lair:1   | Reached skill level 10 in Earth Magic
 14690 | Lair:1   | Reached ***** piety under Cheibriados
 14828 | Lair:1   | Noticed Grum
 14951 | Lair:1   | Killed Grum
 15191 | Lair:1   | Noticed a death yak
 15477 | Lair:1   | Reached skill level 1 in Invocations
 15591 | Lair:1   | Found a runed translucent door.
 15591 | Lair:1   | Noticed Strat's ghost (journeyman DrRe)
 16530 | Lair:2   | Gained mutation: You can hop long distances. [Barachi
                  | growth]
 16530 | Lair:2   | Reached XP level 13. HP: 69/98 MP: 15/27
 16710 | Lair:2   | Reached skill level 5 in Invocations
 16955 | Lair:2   | Reached ****** piety under Cheibriados
 17119 | Lair:2   | Noticed Amaemon
 17135 | Lair:2   | Killed Amaemon
 17831 | Lair:2   | Found a hole to the Spider Nest.
 18871 | Lair:3   | Found a staircase to the Swamp.
 18937 | Lair:3   | Reached skill level 10 in Fighting
 19937 | Lair:4   | Reached skill level 1 in Staves
 20085 | Lair:4   | Found a viscous altar of Jiyva.
 20085 | Lair:4   | Found a staircase to the Slime Pits.
 20751 | Lair:4   | Reached XP level 14. HP: 82/110 MP: 12/28
 21442 | Lair:5   | Entered Level 5 of the Lair of Beasts
 21449 | Lair:5   | Reached skill level 5 in Staves
 21449 | Lair:5   | Reached skill level 10 in Invocations
 21779 | Lair:5   | Noticed Snorg
 21874 | Lair:4   | Learned a level 6 spell: Bombard
 21881 | Lair:5   | Killed Snorg
 22274 | Lair:5   | Noticed a dire elephant
 22280 | Lair:5   | Killed a dire elephant
 22576 | Lair:5   | Found a runed translucent door.
 22603 | Lair:5   | Noticed Dordric's ghost (journeyman TrSh)
 22862 | Lair:5   | Reached skill level 1 in Armour
 22878 | Lair:5   | Reached skill level 2 in Armour
 23138 | Lair:5   | Found the +3 pair of seven-league boots {Rampage+∞}
 23476 | Lair:5   | Reached skill level 3 in Armour
 23945 | Lair:5   | Reached skill level 4 in Armour
 24340 | Lair:5   | Killed Dordric's ghost
 24482 | Lair:5   | Reached skill level 5 in Armour
 24568 | Lair:5   | Reached XP level 15. HP: 105/119 MP: 18/29
 24923 | Lair:5   | Identified the amulet "Fobbyod" {Acrobat rElec rPois Str-2
                  | Dex+4}
 25788 | Lair:1   | Killed Strat's ghost
 26270 | D:8      | Killed Erica
 26380 | D:12     | Noticed Frances
 26796 | D:12     | Killed Frances
 26931 | D:12     | Found a staircase to the Orcish Mines.
 27407 | D:12     | Noticed Gastronok
 27411 | D:12     | Killed Gastronok
 27883 | Orc:1    | Entered Level 1 of the Orcish Mines
 28622 | Orc:2    | Entered Level 2 of the Orcish Mines
 28747 | Orc:2    | Found a staircase to the Elven Halls.
 28833 | Orc:1    | Noticed Sonja
 28836 | Orc:1    | Killed Sonja
 29194 | Orc:2    | Found Cuodaici's Antique Armour Emporium.
 29386 | Orc:2    | Noticed an orc warlord
 29387 | Orc:2    | Found Puowaer's Antique Weapon Shoppe.
 29393 | Orc:2    | Killed an orc warlord
 29558 | Orc:2    | Found a runed translucent gate.
 29558 | Orc:2    | Found a runed translucent gate.
 29558 | Orc:2    | Found a runed translucent gate.
 29558 | Orc:2    | Noticed justen's ghost (journeyman DrSh)
 29881 | Orc:2    | Found Qoygiwn's General Store.
 30040 | Orc:2    | Found Xecey's Book Shop.
 30113 | Orc:2    | Found Poas's Antique Weapon Shoppe.
 30349 | Orc:2    | Killed justen's ghost
 30516 | Orc:2    | Bought a book of Alchemy for 392 gold pieces
 30521 | Orc:2    | Learned a level 4 spell: Petrify
 30761 | D:12     | Reached XP level 16. HP: 114/130 MP: 2/32
 31497 | D:14     | Found a gate to the Vaults.
 32063 | D:14     | Noticed Kirke
 32094 | D:14     | Noticed a sphinx
 32094 | D:14     | Killed Kirke
 32319 | D:14     | Found a portal to a secret trove of treasure.
 32771 | D:14     | Reached skill level 10 in Staves
 33027 | D:14     | Identified the +0 robe of Valiance {rC- Regen+ Str+2}
 33360 | D:15     | Entered Level 15 of the Dungeon
 33360 | D:15     | Noticed Azrael
 33381 | D:15     | Noticed Agnes
 33387 | D:15     | Killed Agnes
 33539 | D:15     | Killed Azrael
 34224 | D:15     | Found a staircase to the Depths.
 34871 | D:15     | Reached skill level 6 in Armour
 34871 | D:15     | Reached skill level 5 in Dodging
 35228 | Orc:2    | Bought a scroll of identify for 24 gold pieces
 35228 | Orc:2    | Bought a scroll of identify for 24 gold pieces
 35277 | Orc:2    | Bought the +0 pair of fencer's gloves {Riposte Dex+3} for
                  | 1560 gold pieces
 35277 | Orc:2    | Found the +0 pair of fencer's gloves {Riposte Dex+3}
 35439 | Spider:1 | Entered Level 1 of the Spider Nest
 36119 | Spider:1 | Reached skill level 7 in Armour
 36419 | Spider:1 | Reached XP level 17. HP: 139/139 MP: 22/33
 37058 | Spider:1 | Reached skill level 8 in Armour
 37299 | Spider:1 | Noticed Nikola
 37307 | Spider:1 | Killed Nikola
 38115 | Spider:2 | Reached skill level 9 in Armour
 38512 | Spider:2 | Reached skill level 10 in Armour
 39111 | Spider:2 | Reached skill level 5 in Evocations
 40022 | D:11     | Bought a +8 chain mail of ponderousness for 322 gold pieces
 40040 | D:11     | Learned a level 5 spell: Irradiate
 41237 | Spider:3 | Identified the +2 rapier of Qeexel {speed, Will- Int+4
                  | Stlth+}
 41726 | Spider:4 | Entered Level 4 of the Spider Nest
 42323 | Spider:4 | Reached XP level 18. HP: 146/146 MP: 21/34
 43290 | Spider:4 | Reached skill level 15 in Conjurations
 43535 | Spider:4 | Got a gossamer rune of Zot
 43732 | Spider:4 | Noticed Bai Suzhen
 43742 | Spider:4 | Killed Bai Suzhen
 44903 | Swamp:1  | Entered Level 1 of the Swamp
 45826 | Swamp:1  | Reached skill level 15 in Fighting
 46883 | Swamp:2  | Learned a level 5 spell: Borgnjor's Vile Clutch
 46887 | Swamp:2  | Learned a level 2 spell: Sublimation of Blood
 46916 | Swamp:2  | Identified the +9 battleaxe "Uhyutorph" {drain, Str+2}
 47063 | Swamp:3  | Reached skill level 1 in Necromancy
 47075 | Swamp:3  | Reached XP level 19. HP: 147/157 MP: 25/35
 47422 | Swamp:3  | Noticed a tentacled monstrosity
 47426 | Swamp:3  | Killed a tentacled monstrosity
 47799 | Swamp:4  | Entered Level 4 of the Swamp
 47881 | Swamp:4  | Reached skill level 5 in Necromancy
 48903 | Swamp:4  | Upgraded the game from 0.31-a0-968-g24f9ace8b5 to
                  | 0.31-a0-977-gc230f8ef24
 49146 | Vaults:1 | Entered Level 1 of the Vaults
 49318 | Vaults:1 | Identified the serpent talisman of Dishonour {rC+ rN+ Will+
                  | Str-4}
 49318 | Vaults:1 | Noticed Aizul
 49325 | Vaults:1 | Killed Aizul
 49556 | Vaults:1 | Noticed Norris
 49567 | Vaults:1 | Killed Norris
 50123 | Vaults:1 | Found Igra's Weapon Shoppe.
 51466 | Vaults:2 | Reached XP level 20. HP: 155/164 MP: 37/37
 51938 | Vaults:2 | Found Atongag's General Store.
 52952 | Vaults:2 | Reached skill level 11 in Armour
 53674 | Vaults:3 | Reached skill level 10 in Dodging
 53928 | Vaults:3 | Reached skill level 12 in Armour
 55230 | Vaults:3 | Found a staircase to the Crypt.
 55230 | Vaults:3 | Found an ancient bone altar of Kikubaaqudgha.
 55230 | Vaults:3 | Found a basalt altar of Yredelemnul.
 55601 | Vaults:3 | Identified a scroll of acquirement
 55624 | Vaults:3 | Acquired 638 gold pieces
 55633 | Desolati | Identified the "Cov Heemm"
 55633 | Desolati | Identified the of Uturhes
 55633 | Desolati | Identified the "Faeses Pirch"
 55633 | Desolati | Identified the of Tithru
 55633 | Desolati | Identified the "Juloovyh"
 55679 | Vaults:4 | Found a glowing silver altar of Zin.
 55679 | Vaults:4 | Found a white marble altar of Elyvilon.
 55679 | Vaults:4 | Found a crumbling gateway.
 55680 | Vaults:4 | Found a glowing golden altar of the Shining One.
 55701 | Vaults:4 | Reached XP level 21. HP: 159/171 MP: 11/39
 55797 | Desolati | Entered the Desolation of Salt
 56163 | Desolati | Reached skill level 15 in Spellcasting
 56579 | Desolati | Found the +6 lightning scales {swift, rElec}
 56831 | Desolati | Identified the +0 leather armour of Free Expression {rPois}
 56841 | Desolati | Identified the +3 arbalest of the Fabulous God {flame, rF+
                  | Int+3 Dex+2}
 56916 | Desolati | Identified the +8 glaive of Disgust {heavy, Will+}
 57011 | Desolati | Identified the +1 pair of boots of the Enchanted Forest
                  | {Int+6 Stlth-}
 57096 | Desolati | Identified the +8 great sword "Midgh" {venom, *Corrode rN+
                  | Will+}
 58504 | Vaults:4 | Reached skill level 15 in Earth Magic
 59589 | Swamp:4  | Reached XP level 22. HP: 132/178 MP: 16/42
 59701 | Swamp:4  | Got a decaying rune of Zot
 59988 | Vaults:5 | Identified the "Paecimp"
 59988 | Crypt:3  | Identified the "Vashosef"
 59988 | Depths:2 | Identified the of Cebbi
 59988 | Depths:2 | Identified the "Rirai"
 59988 | Depths:3 | Identified the "Piwonn"
 59988 | Elf:1    | Identified the "Plog"
 59988 | Elf:1    | Entered Level 1 of the Elven Halls
 59997 | Elf:1    | Found Rorua's General Store.
 61258 | Elf:1    | Learned a level 9 spell: Shatter
 61569 | Elf:2    | Paralysed by an air elemental for 1 turns
 61855 | Elf:2    | Found a runed translucent gate.
 61855 | Elf:2    | Found a runed translucent gate.
 61862 | Elf:2    | Found a runed translucent gate.
 62836 | Elf:3    | Identified the of Reonap
 62836 | Elf:3    | Identified the of Raalacw
 62836 | Elf:3    | Entered Level 3 of the Elven Halls
 62986 | Elf:3    | Noticed Asterion
 62995 | Elf:3    | Killed Asterion
 63009 | Elf:3    | Found a frozen archway.
 63126 | IceCv    | Entered an ice cave
 63292 | IceCv    | Identified the +11 plate armour of the Original Sin {rElec
                  | rF+ Str-3}
 63866 | IceCv    | Identified the +8 halberd of Bautz {drain, +Blink Str+2
                  | Int+3}
 64403 | Elf:3    | Found Hiediem's Book Shoppe.
 64899 | Elf:3    | Reached XP level 23. HP: 59/184 MP: 13/43
 65524 | Abyss:2  | Cast into level 2 of the Abyss (a deep elf sorcerer)
 65649 | Abyss:3  | Found a corrupted altar of Lugonu.
 65975 | Elf:3    | Escaped the Abyss
 66080 | Elf:3    | Identified the staff of the Gloaming {*Corrode rN+ MP+9
                  | Str+7 SInv Necro}
 66082 | Elf:3    | Identified the +1 leather armour "Sydocw" {rPois rN+}
 66196 | Elf:3    | Identified the staff of the Inviting Gods {rF+ rN+ Necro}
 66262 | Elf:3    | Identified the +7 quarterstaff of Corruption {freeze, Str+4
                  | Stlth+}
 66544 | Depths:1 | Entered Level 1 of the Depths
 66865 | Depths:1 | Found a gateway to Hell.
 67423 | Depths:1 | Found Lophes's Book Boutique.
 67424 | Depths:1 | Found Yrruja Jeom's Jewellery Shoppe.
 67426 | Depths:1 | Found Nozuots's Book Boutique.
 67598 | Depths:1 | Found a one-way gate leading to the halls of Pandemonium.
 67821 | Depths:1 | Reached XP level 24. HP: 191/191 MP: 43/43
 68404 | Depths:2 | Noticed a caustic shrike
 68689 | Depths:2 | Killed a caustic shrike
 69729 | Depths:2 | Reached XP level 25. HP: 189/197 MP: 29/45
 69839 | Depths:2 | Noticed a shard shrike
 69841 | Depths:2 | Killed a shard shrike
 70753 | Depths:2 | Found a one-way gate to the infinite horrors of the Abyss.
 71375 | Depths:3 | Found a one-way gateway to a ziggurat.
 71718 | Depths:3 | Identified the +1 shortbow of Baddomu {heavy, rPois Dex+2
                  | SInv}
 72315 | Depths:4 | Entered Level 4 of the Depths
 72323 | Depths:4 | Noticed a juggernaut
 72441 | Depths:4 | Killed a juggernaut
 72594 | Depths:4 | Reached skill level 13 in Armour
 72998 | Depths:4 | Reached skill level 14 in Armour
 73851 | Depths:4 | Found a gate to the Realm of Zot.
 74508 | Vaults:4 | Reached skill level 15 in Armour
 74509 | Vaults:4 | Reached XP level 26. HP: 176/204 MP: 28/46
 74712 | Vaults:5 | Entered Level 5 of the Vaults
 74870 | Vaults:5 | Noticed an ancient lich
 74874 | Vaults:5 | Killed an ancient lich
 75469 | Vaults:5 | Reached skill level 16 in Armour
 75471 | Vaults:5 | Noticed a dread lich
 75474 | Vaults:5 | Killed a dread lich
 75724 | Vaults:5 | Noticed a dread lich
 75727 | Vaults:5 | Killed a dread lich
 75770 | Vaults:5 | Noticed Saint Roka
 75776 | Vaults:5 | Noticed an ancient lich
 75779 | Vaults:5 | Killed an ancient lich
 75780 | Vaults:5 | Killed Saint Roka
 75971 | Vaults:5 | Identified the +9 flail of Biefatio {holy, rC++}
 76222 | Vaults:5 | Got a silver rune of Zot
 76388 | Vaults:5 | Identified the +2 quarterstaff of Eternal War {pain, Dex+5}
 77610 | Crypt:1  | Entered Level 1 of the Crypt
 77883 | Crypt:1  | Reached XP level 27. HP: 113/210 MP: 14/48
 78176 | Crypt:1  | Reached skill level 17 in Armour
 79562 | Crypt:2  | Reached skill level 18 in Armour
 80313 | Crypt:1  | Found an ancient bone altar of Kikubaaqudgha.
 80468 | Crypt:3  | Entered Level 3 of the Crypt
 80710 | Crypt:3  | Found a staircase to the Tomb.
 80865 | Crypt:3  | Reached skill level 19 in Armour
 80966 | Crypt:3  | Found an ancient bone altar of Kikubaaqudgha.
 81015 | Crypt:3  | Noticed an ancient lich
 81018 | Crypt:3  | Killed an ancient lich
 81108 | Crypt:3  | Identified the ring "Joce Boa" {rN+ Will++ Dex+2 Slay+3}
 81108 | Crypt:3  | Identified the amulet of Luzach {rPois Regen+ Dex+5}
 81108 | Crypt:3  | Identified the ring "Vawim" {rF++ rN+}
 81694 | Crypt:3  | Identified the +1 hand axe of Defiance {drain, rF+}
 81745 | Zot:3    | Identified the "Jyaxkaut"
 81745 | Tomb:1   | Entered Level 1 of the Tomb of the Ancients
 81754 | Tomb:1   | Noticed a royal mummy
 81755 | Tomb:1   | Noticed a royal mummy
 81756 | Tomb:1   | Noticed a royal mummy
 81758 | Tomb:1   | Killed a royal mummy
 81760 | Tomb:1   | Killed a royal mummy
 81760 | Tomb:1   | Killed a royal mummy
 81761 | Tomb:1   | Reached skill level 20 in Armour
 81924 | Tomb:1   | Noticed a royal mummy
 81927 | Tomb:1   | Killed a royal mummy
 81927 | Tomb:1   | Noticed a royal mummy
 82004 | Tomb:1   | Noticed a royal mummy
 82004 | Tomb:1   | Noticed a royal mummy
 82006 | Tomb:1   | Killed a royal mummy
 82006 | Tomb:1   | Killed a royal mummy
 82006 | Tomb:1   | Noticed a royal mummy
 82007 | Tomb:1   | Noticed a royal mummy
 82008 | Tomb:1   | Killed a royal mummy
 82008 | Tomb:1   | Killed a royal mummy
 82009 | Tomb:1   | Killed a royal mummy
 82156 | Tomb:1   | Noticed a royal mummy
 82160 | Tomb:1   | Reached skill level 21 in Armour
 82162 | Tomb:1   | Killed a royal mummy
 82303 | Tomb:1   | Noticed a royal mummy
 82306 | Tomb:1   | Noticed a royal mummy
 82307 | Tomb:1   | Killed a royal mummy
 82307 | Tomb:1   | Killed a royal mummy
 82712 | Tomb:1   | Noticed a royal mummy
 82843 | Tomb:1   | Killed a royal mummy
 82844 | Tomb:1   | Reached skill level 22 in Armour
 83019 | Tomb:1   | Noticed a royal mummy
 83022 | Tomb:1   | Killed a royal mummy
 83189 | Tomb:1   | Noticed a royal mummy
 83324 | Tomb:1   | Killed a royal mummy
 83329 | Tomb:1   | Reached skill level 23 in Armour
 83329 | Tomb:1   | Noticed a royal mummy
 83401 | Tomb:1   | Killed a royal mummy
 83412 | Tomb:1   | Noticed a royal mummy
 83415 | Tomb:1   | Killed a royal mummy
 83416 | Tomb:1   | Noticed a royal mummy
 83540 | Tomb:1   | Noticed a royal mummy
 83543 | Tomb:1   | Killed a royal mummy
 83543 | Tomb:1   | Killed a royal mummy
 83679 | Tomb:1   | Noticed a royal mummy
 83681 | Tomb:1   | Noticed a royal mummy
 83683 | Tomb:1   | Killed a royal mummy
 83684 | Tomb:1   | Killed a royal mummy
 83810 | Tomb:1   | Noticed a royal mummy
 83813 | Tomb:1   | Killed a royal mummy
 83823 | Tomb:1   | Noticed a royal mummy
 83826 | Tomb:1   | Killed a royal mummy
 83976 | Tomb:1   | Reached skill level 24 in Armour
 85184 | Zot:1    | Entered Level 1 of the Realm of Zot
 86533 | Zot:2    | Reached skill level 25 in Armour
 86533 | Zot:2    | Noticed an orb of fire
 86534 | Zot:2    | Noticed an orb of fire
 86651 | Zot:2    | Noticed an orb of fire
 86653 | Zot:2    | Gained mutation: You are weak. (Str -2) [an orb of fire]
 86655 | Zot:2    | Killed an orb of fire
 86655 | Zot:2    | Killed an orb of fire
 86746 | Zot:2    | Gained mutation: Armour fits poorly on your strangely
                  | shaped body. [an orb of fire]
 86747 | Zot:2    | Killed an orb of fire
 87155 | Zot:2    | Reached skill level 26 in Armour
 87375 | Zot:2    | You fall into a shaft and drop 2 floors!
 87375 | Zot:4    | Found a transporter.
 87376 | Zot:4    | Found a transporter.
 87376 | Zot:4    | Found a transporter.
 87376 | Zot:4    | Found a transporter.
 87432 | Zot:4    | Found a transporter.
 87434 | Zot:4    | Found a transporter.
 88504 | Zot:3    | Reached skill level 15 in Shields
 90356 | Zot:4    | Learned a level 8 spell: Lehudib's Crystal Spear
 90388 | Zot:5    | Entered Level 5 of the Realm of Zot
 90556 | Zot:5    | Noticed an orb of fire
 90560 | Zot:5    | Killed an orb of fire
 90560 | Zot:5    | Noticed a dread lich
 90726 | Zot:5    | Killed a dread lich
 90811 | Zot:5    | Noticed a dread lich
 90813 | Zot:5    | Killed a dread lich
 90820 | Zot:5    | Noticed an ancient lich
 90822 | Zot:5    | Killed an ancient lich
 91073 | Zot:5    | Noticed an orb of fire
 91073 | Zot:5    | Gained mutation: Your spells are a little easier to cast,
                  | but a little less powerful. [an orb of fire]
 91076 | Zot:5    | Killed an orb of fire
 91077 | Zot:5    | Noticed a dread lich
 91080 | Zot:5    | Killed a dread lich
 91081 | Zot:5    | Noticed an ancient lich
 91083 | Zot:5    | Killed an ancient lich
 91240 | Zot:5    | Noticed a dread lich
 91242 | Zot:5    | Killed a dread lich
 92157 | Zot:5    | Lost mutation: Your spells are a little easier to cast, but
                  | a little less powerful. [potion of mutation]
 92157 | Zot:5    | Lost mutation: Armour fits poorly on your strangely shaped
                  | body. [potion of mutation]
 92157 | Zot:5    | Lost mutation: You are weak. (Str -2) [potion of mutation]
 92157 | Zot:5    | Gained mutation: Your mind is acute. (Int +4, Str/Dex -1)
                  | [potion of mutation]
 92157 | Zot:5    | Gained mutation: You have sharp fingernails. [potion of
                  | mutation]
 92157 | Zot:5    | Gained mutation: You are agile. (Dex +4, Str/Int -1)
                  | [potion of mutation]
 92187 | Zot:5    | Got the Orb of Zot
 92708 | D:$      | Escaped with the Orb!

Illustrated notes

Levels and vault maps discovered:
D:1:      nicolae_arrival_memento_mori, layout_basic, minmay_door_square
D:2:      layout_basic
D:3:      layout_basic, nicolae_tso_besieged_by_evil,
          lemuel_zombie_altar_kikubaaqudgha
D:4:      layout_basic, kennysheep_generic_room_11, uniq_eustachio
D:5:      layout_layer_cave, hangedman_decor_push,
          hangedman_abyss_or_decor_stabs, minmay_manual_mandibuliform
D:6:      lemuel_slime, layout_basic, minmay_temple_entry_junction_2,
          serial_shops, nicolae_diamond_shop, ebering_dispersal_statue_hall,
          nicolae_titane
D:7:      minmay_the_grid_triangle_9x9_rhombus_thin
          [minmay_the_grid_triangle_9x9_dagger,
          minmay_the_grid_triangle_9x9_prize_special,
          minmay_the_grid_triangle_9x9_sparse_checkered,
          minmay_the_grid_triangle_9x9_stretched_checkered], layout_basic
D:8:      nzn_winding_woodlands_small [nzn_winding_woodlands_5x15_crooked,
          nzn_winding_woodlands_center_pierced_h,
          nzn_winding_woodlands_5x15_pockets], layout_basic, uniq_erica
D:9:      layout_cross, yredelemnul_forgotten_temple_becter,
          serial_co_window_serial, co_window_corner_a, co_window_paths_a,
          co_window_paths_b, co_window_paths_a, co_window_paths_b,
          co_window_corner_a, co_window_paths_a, co_window_paths_c,
          co_window_corner_cb, co_window_broadway_b, co_window_unsneaky_path_a
D:10:     layout_roguey, nicolae_overflow_two_pavilions,
          grunt_lair_entry_orc_guard_hut, nrook_pool_corridor
D:11:     layout_long_grid, serial_shops, shop, serial_bayou,
          serial_bayou_crossing, serial_bayou_pond_c, serial_bayou_shore_a,
          serial_bayou_pond_b, hangedman_tell_no_tales
D:12:     layout_long_grid, minmay_orc_entry_temple_small,
          kennysheep_generic_room_7, uniq_frances, uniq_gastronok
D:13:     layout_long_grid
D:14:     layout_long_grid, erik_vaults_2, chequers_serial_rivers_marsh,
          enter_trove_5, uniq_kirke
D:15:     gammafunk_depths_entry_grave, layout_irregular_city, uniq_azrael,
          uniq_agnes
Temple:   sentei_temple_godly_chess
Lair:1:   layout_roguey, ebering_ghost_inner_flame,
          chequers_serial_rivers_micro_d, grunt_megastairs_1, uniq_maggie,
          uniq_grum
Lair:2:   layout_long_grid, spider_nest_entry_funnel_web, serial_bayou_pond_b,
          uniq_amaemon
Lair:3:   layout_roguey, swamp_mist, lemuel_fruit_tree
Lair:4:   layout_layer_cave, minmay_slime_entry_eyes,
          chequers_serial_rivers_large_b, disabler_island
Lair:5:   hangedman_lair_caniforms_friends, layout_cave_pods,
          guppyfry_lair_end_dragon, hellmonk_ghost_happy_afterlife,
          hellmonk_guarded_unrand_seven_league_boots, grunt_megastairs_5,
          uniq_snorg
Swamp:1:  layout_basic_swamp, evilmike_swamp_ruin_house_5,
          nicolae_swamp_feature_on_the_river_bank
Swamp:2:  layout_basic_swamp, nicolae_swamp_well_well_well, swamp_pool5
Swamp:3:  layout_falls_marsh, evilmike_swamp_ruin_house_6,
          infiniplex_staircase_pool
Swamp:4:  nzn_swamp_witches_coven, layout_basic_swamp
Spider:1: layout_spider_delve, nicolae_spider_twisty_arc_passages, uniq_nikola
Spider:2: layout_cave_pods, hangedman_stitches_earthworm
Spider:3: layout_spider_delve, spiders_nest_the_unseen
Spider:4: grunt_spider_rune_parallel, uniq_bai_suzhen
Orc:1:    layout_caves, mines4_lemuel, uniq_sonja
Orc:2:    grunt_orc_gardens, layout_caves, grunt_orc_garden, grunt_orc_garden,
          grunt_orc_garden, grunt_orc_garden, ebering_ghost_rock_garden,
          serial_shops, nicolae_shop_advertising_works
          [nicolae_subvault_shop_adworks]
Elf:1:    layout_loops_corners, serial_shops, shop, minmay_elf_demonology
Elf:2:    nicolae_elf_blades_splatter_lattice
          [nicolae_vaults_blade_armed_guards], layout_gridlike,
          patterned_corridor
Elf:3:    minmay_elf_hall, layout_loops_corners,
          portal_ice_cave_entry_pillars_2, serial_shops,
          nicolae_shop_rolling_square, uniq_asterion
Vaults:1: nicolae_vaults_security_offices_3, v_rooms_6,
          hangedman_vaults_stretched_pinwheel, ontoclasm_vaults_decontamination,
          nicolae_vaults_tangram_1, v_misc_10, nicolae_vaults_turnstiles,
          hangedman_vaults_pinch, nicolae_vaults_house_3,
          nicolae_vaults_hexular_roomagon, v_misc_29, v_misc_1,
          nicolae_vaults_little_squares_5, ontoclasm_vaults_pinch,
          layout_vaults_omnicross, serial_shops, shop, uniq_norris, uniq_aizul
Vaults:2: v_misc_24, nicolae_vaults_more_shelving_2, vaults_dpeg_spiral,
          v_rooms_5, v_misc_3, vaults_mumra_minichess_inversion,
          ontoclasm_vaults_twist, vaults_dpeg_cross, nicolae_vaults_meiosis,
          nicolae_vaults_tetromino_L_2, layout_vaults_quadrants, serial_shops,
          nicolae_shop_crystal, uniq_margery
Vaults:3: nicolae_vaults_ring_of_whatevers, v_misc_1,
          ontoclasm_vaults_ring_small, vaults_mumra_chevron,
          minmay_crypt_entry_necro_gods, v_alt_pattern_6,
          nicolae_vaults_storage_closets_3, nicolae_vaults_shrinking_rooms_2,
          nicolae_vaults_storage_room_doors, vaults_room_pools, v_misc_9,
          nicolae_vaults_trapezoid_4, nicolae_vaults_prndl,
          hangedman_vaults_trim, nicolae_vaults_little_squares_6,
          vaults_dpeg_encased_lava, layout_vaults_ring
Vaults:4: portal_desolation_entry_holy_temple, nicolae_vaults_little_squares_4,
          nicolae_vaults_closet_pinwheel_5, nicolae_vaults_what_the_h,
          nicolae_vaults_heart-shaped_vault, nicolae_vaults_bisected_exclaves,
          nicolae_vaults_circle_grid_a, v_pattern_3,
          nicolae_vaults_tetromino_L_2, nicolae_vaults_tetromino_L_1,
          vaults_room_grunt_arrival_ludios, nicolae_vaults_layer_cake_slice,
          v_misc_25, layout_vaults_maze
Vaults:5: uniq_saint_roka
Crypt:1:  layout_basic, st_stairs_12, nicolae_crypt_cryptocurrency,
          evilmike_ambush [evilmike_ambush_outer_pillars,
          evilmike_ambush_inner_basic], grunt_crypt_arrival_webbed,
          lemuel_upstairs_altar
Crypt:2:  layout_basic
Crypt:3:  cryptofortress_bobbens
Tomb:1
Depths:1: layout_honeycomb, rand_demon_pan_entry_4, pf_hell_entry_tar_river,
          lightli_corner_chamber, grunt_megastairs_4, minmay_shop_grove
Depths:2: little_maze_vault, layout_cave_pools, serial_bayou_ford_a,
          abyss_entry, hell_entry, rand_demon_pan_entry_8,
          dilly_guarded_unrand_elemental_staff, infiniplex_staircase_door_maze,
          uniq_grunn
Depths:3: cross_vault, layout_cave_pools, enter_ziggurat_b, hell_entry,
          hangedman_decor_growths, minmay_room_of_horrors, water_boxes_lemuel,
          minmay_staircase_windowed_large
Depths:4: evilmike_zot_entry_diamond, layout_basic, hellmouth_3
Zot:1:    layout_gridlike, grunt_megastairs_3
Zot:2:    layout_basic, regret_index_zotdec_decaying_basic, grunt_ministairs_6,
          hangedman_zot_diagonal_lockstep, lemuel_lake_of_fire
Zot:3:    layout_gridlike
Zot:4:    layout_onion_interference, serial_nicolae_subway,
          nicolae_sub_station_crystal, nicolae_sub_station_stone,
          nicolae_sub_station_metal
Zot:5:    layout_onion

Skill      XL: |  1  2  3  4  5  6  7  8  9 10 11 12 13 14 15 16 17 18 19 20 21 22 23 24 25 26 27 |
---------------+----------------------------------------------------------------------------------+-----
Conjurations   | 4 5 6 8 9 10 11 13 16 | 16.0
Spellcasting   | 3 4 6 7 10 12 13 14 16 18 19 21 24 | 24.7
Fighting       | 5 8 10 11 13 14 16 20 | 20.0
Shields        | 3 5 8 10 11 12 14 15 | 15.0
Earth Magic    | 6 8 9 11 13 15 19 21 23 24 | 24.0
Evocations     | 4 5 8 |  8.0
Dodging        | 4 6 8 12 | 12.0
Stealth        | 3 6 |  6.0
Invocations    | 4 9 10 11 12 13 | 13.0
Staves         | 3 6 7 12 | 12.0
Armour         | 5 7 10 12 15 16 26 | 26.9
Necromancy     | 1 6 9 |  9.0
Long Blades    | |  3.6

Action                     |  1- 3 |  4- 6 |  7- 9 | 10-12 | 13-15 | 16-18 | 19-21 | 22-24 | 25-27 || total
---------------------------+-------+-------+-------+-------+-------+-------+-------+-------+-------++-------
  Melee: Falchion          |   119 |   133 |   215 |     7 |       |       |       |       |       ||   474
         Punch             |     1 |     1 |     1 |       |       |       |       |       |       ||     3
         Staff             |       |       |       |   201 |   566 |   761 |  1617 |   947 |  1151 ||  5243
  Throw: Dart              |       |     3 |       |       |     2 |     2 |     1 |       |       ||     8
   Cast: Kiss of Death     |     1 |     3 |       |       |       |       |       |       |       ||     4
         Momentum Strike   |       |    25 |    52 |    12 |     5 |       |       |       |       ||    94
         Stone Arrow       |       |       |    36 |   222 |   143 |    27 |    16 |       |       ||   444
         Hailstorm         |       |       |     2 |       |       |       |       |       |       ||     2
         Lee's Rapid Decon |       |       |       |    29 |   121 |   142 |    15 |    17 |     7 ||   331
         Animate Armour    |       |       |       |     7 |    34 |    52 |     8 |       |       ||   101
         Bombard           |       |       |       |       |    74 |   173 |    70 |    32 |    63 ||   412
         Petrify           |       |       |       |       |     2 |     1 |       |       |       ||     3
         Irradiate         |       |       |       |       |       |     4 |    77 |    35 |    43 ||   159
         Borgnjor's Vile C |       |       |       |       |       |       |    72 |    52 |    22 ||   146
         Shatter           |       |       |       |       |       |       |       |    16 |   299 ||   315
         Lehudib's Crystal |       |       |       |       |       |       |       |       |    29 ||    29
         Sublimation of Bl |       |       |       |       |       |       |       |       |    13 ||    13
 Invoke: Bend Time         |       |       |       |       |     2 |     1 |       |       |       ||     3
         Slouch            |       |       |       |       |     8 |     5 |    10 |     8 |    19 ||    50
Ability: Hop               |       |       |     3 |     4 |     3 |     5 |     1 |       |       ||    16
  Evoke: Wand              |       |     3 |     5 |     1 |     6 |     9 |     5 |     5 |     1 ||    35
         Phantom mirror    |       |       |       |       |       |     2 |       |       |     1 ||     3
         Phial of floods   |       |       |       |       |       |     2 |     1 |       |       ||     3
         Lightning rod     |       |       |       |       |       |       |     8 |       |       ||     8
         Sack of spiders   |       |       |       |       |       |       |       |       |     1 ||     1
    Use: Scroll            |       |     2 |     6 |     7 |     4 |     9 |    11 |    11 |     8 ||    58
         Potion            |       |       |       |       |     1 |       |     1 |     2 |     5 ||     9
   Stab: Sleeping          |       |     1 |       |     3 |     2 |       |       |       |       ||     6
         Distracted        |       |       |       |       |     1 |     8 |     2 |       |       ||    11
         Petrified         |       |       |       |       |    17 |       |       |       |       ||    17
         Petrifying        |       |       |       |       |     1 |       |       |       |       ||     1
         Paralysed         |       |       |       |       |       |    10 |       |       |       ||    10
         Confused          |       |       |       |       |       |       |     2 |       |       ||     2
 Armour: Leather armour    |    75 |    95 |   132 |    56 |       |       |       |       |       ||   358
         Acid dragon scale |       |       |       |   127 |    24 |       |       |       |       ||   151
         Scale mail        |       |       |       |    77 |   486 |   166 |       |       |       ||   729
         Chain mail        |       |       |       |       |       |   388 |   665 |   522 |   986 ||  2561
  Dodge: Dodged            |    73 |    67 |   114 |   166 |   356 |   416 |   813 |   672 |  1185 ||  3862
  Block: Other             |       |       |    32 |       |       |       |       |       |       ||    32
         Buckler           |       |       |    35 |   242 |   488 |       |       |   163 |   723 ||  1651
         Reflection        |       |       |     2 |    15 |    12 |    10 |       |     2 |    15 ||    56
         Kite shield       |       |       |       |       |   193 |   983 |  1211 |   496 |       ||  2883
Riposte: Staff             |       |       |       |       |       |   356 |   549 |   304 |   396 ||  1605

Table legend: (Time is in decaauts)
 A = Elapsed time spent in this place.
 B = Non-inter-level travel time spent in this place.
 C = Inter-level travel time spent in this place.
 D = Time resting spent in this place.
 E = Time spent auto-exploring this place.
 F = Levels seen in this place.
 G = Mean time per level.
                   A        B        C        D        E       F      G
               +--------+--------+--------+--------+--------+-----+--------+
         Total | 147884 | 130063 |  17821 |  11921 |  91490 |  56 | 2640.8 |
       Dungeon |  33045 |  27244 |   5801 |   2006 |  20262 |  15 | 2203.0 |
        Temple |     16 |      2 |     14 |      0 |      0 |   1 |   16.0 |
          Lair |  20965 |  16985 |   3980 |   1084 |  13078 |   5 | 4193.0 |
         Swamp |   7183 |   6541 |    642 |    245 |   4767 |   4 | 1795.8 |
   Spider Nest |  13733 |  12470 |   1263 |    580 |   9252 |   4 | 3433.2 |
  Orcish Mines |   4312 |   3422 |    890 |    100 |   2682 |   2 | 2156.0 |
   Elven Halls |   8749 |   8192 |    557 |    162 |   6149 |   3 | 2916.3 |
        Vaults |  18732 |  16060 |   2672 |   1488 |  11481 |   5 | 3746.4 |
         Crypt |   8809 |   8301 |    508 |   1850 |   4865 |   3 | 2936.3 |
          Tomb |   2931 |   2931 |      0 |     13 |   2006 |   1 | 2931.0 |
        Depths |  13394 |  12552 |    842 |   1935 |   8328 |   4 | 3348.5 |
           Zot |  11209 |  10561 |    648 |   2083 |   6274 |   5 | 2241.8 |
         Abyss |    782 |    782 |      0 |      0 |      0 |   2 |  391.0 |
      Ice Cave |   1653 |   1653 |      0 |     17 |   1207 |   1 | 1653.0 |
    Desolation |   2366 |   2366 |      0 |    354 |   1136 |   1 | 2366.0 |
               +--------+--------+--------+--------+--------+-----+--------+

Top non-repeatable levels by time:
  Lair:5: 5392 daAuts
Depths:2: 4464 daAuts
Vaults:1: 4403 daAuts
Vaults:2: 4355 daAuts
  Lair:4: 4322 daAuts
  Lair:1: 4233 daAuts
Vaults:4: 4066 daAuts
  Lair:2: 4063 daAuts
 Crypt:3: 3984 daAuts
Spider:4: 3977 daAuts
Spider:2: 3915 daAuts
Vaults:3: 3899 daAuts
     D:8: 3803 daAuts
Depths:1: 3461 daAuts
Spider:1: 3452 daAuts
